 Dungeon Crawl Stone Soup version 0.29.0-11-gd7f09526c8 (webtiles) character file.

Game seed: 7416475181894393930

10 themarg the Prestidigitator (level 2, 0/23 HPs)
             Began as a Gnoll Wanderer on Sept 6, 2022.
             Slain by a jackal (1 damage)
             ... on level 1 of the Dungeon.
             The game lasted 00:01:05 (899 turns).

themarg the Prestidigitator (Gnoll Wanderer)         Turns: 899, Time: 00:01:07

Health: 0/23       AC:  2    Str:  9    XL:     2   Next: 20%
Magic:  7/7        EV: 11    Int:  9    God:
Gold:   44         SH:  0    Dex: 15    Spells: 9/10 levels left

rFire   . . .      SeeInvis .   a - +0 dagger
rCold   . . .      Faith    .   (no shield)
rNeg    . . .      Spirit   .   d - +0 robe
rPois   .          Reflect  .   (no helmet)
rElec   .          Harm     .   (no cloak)
rCorr   .          Rampage  .   (no gloves)
Will    .....                   (no boots)
Stlth   +.........              (no amulet)
HPRegen 0.07/turn               (no ring)
MPRegen 0.10/turn               (no ring)

@: no status effects
A: fangs 1, strong nose, distributed training
a: no special abilities


You were on level 1 of the Dungeon.
You visited 1 branch of the dungeon, and saw 1 of its levels.

You collected 44 gold pieces.

Inventory:

Hand Weapons
 a - a +0 dagger (weapon)
Armour
 d - a +0 robe (worn)
Wands
 e - a wand of quicksilver (2)
Scrolls
 b - a scroll of fog
 f - a scroll of poison {unknown}
 g - a scroll of identify {unknown}
Potions
 c - a potion of lignification
 h - a potion of ambrosia {unknown}


   Skills:
 + Level 2.4 Fighting
 + Level 0.3 Short Blades
 + Level 0.3 Long Blades
 + Level 0.3 Axes
 + Level 0.3 Maces & Flails
 + Level 0.3 Polearms
 + Level 0.3 Staves
 + Level 0.3 Ranged Weapons
 + Level 2.4 Throwing
 + Level 0.3 Armour
 + Level 0.3 Dodging
 + Level 0.3 Stealth
 + Level 0.3 Shields
 + Level 0.3 Unarmed Combat
 + Level 4.9 Spellcasting
 + Level 0.2 Conjurations
 + Level 0.2 Hexes
 + Level 0.2 Summonings
 + Level 0.2 Necromancy
 + Level 0.2 Translocations
 + Level 0.2 Transmutations
 + Level 0.2 Fire Magic
 + Level 0.2 Ice Magic
 + Level 0.2 Air Magic
 + Level 0.2 Earth Magic
 + Level 2.0 Poison Magic
 + Level 0.4 Invocations
 + Level 10.4 Evocations


You had 9 spell levels left.
You knew the following spells:

 Your Spells              Type           Power      Damage    Failure   Level
a - Sting                 Tmut/Pois      16%        1d3       16%         1

Your spell library contained the following spells:

 Spells                   Type           Power      Damage    Failure   Level
 Mephitic Cloud           Conj/Pois/Air  3%         N/A       47%         3


Dungeon Overview and Level Annotations

Branches:
Dungeon (1/15)

Altars:


Innate Abilities, Weirdness & Mutations

You have very sharp teeth.
Your uncanny sense of smell can sniff out nearby items.
Your experience applies equally to all skills.


Message History

You barely miss the jackal.
The jackal is severely wounded.
The jackal barely misses you. The jackal misses you.
The jackal barely misses you. The jackal closely misses you.
The jackal barely misses you.
You closely miss the jackal.
The jackal is severely wounded.
The jackal barely misses you. x2; The jackal misses you.
The jackal bites you.
You closely miss the jackal.
The jackal is severely wounded.
The jackal barely misses you. The jackal closely misses you.
The jackal bites you. The jackal barely misses you.
You are too injured to fight recklessly!
You closely miss the jackal.
The jackal is severely wounded.
The jackal closely misses you. x2; The jackal bites you. x2
The jackal misses you.
The jackal bites you but does no damage.
The jackal closely misses you.
The jackal bites you but does no damage.
You hit the jackal but do no damage.
The jackal is severely wounded.
The jackal bites you. The jackal closely misses you.
The jackal bites you but does no damage.
The jackal closely misses you.
You barely miss the jackal. Your bite misses the jackal.
The jackal is severely wounded.
The jackal closely misses you. The jackal misses you. The jackal bites you.
* * * LOW HITPOINT WARNING * * *
The jackal closely misses you. The jackal bites you.
* * * LOW HITPOINT WARNING * * *
The jackal bites you but does no damage.
The jackal misses you. The jackal closely misses you.
You closely miss the jackal. You bite the jackal, but do no damage.
The jackal is severely wounded.
The jackal bites you but does no damage.
The jackal closely misses you. The jackal bites you.
* * * LOW HITPOINT WARNING * * *
The jackal bites you.
You die...

........###.# #
#...............# #
.....#####.##### # ....
#.# # ... #.# # #.# #.#
#.#######|#######
########h.........).....
#.....†@h........#######
.......hh......#########
#.############.......)..
###########


You could see 4 jackals.

Vanquished Creatures
  An endoplasm (D:1)
  2 goblins (D:1)
  A ball python (D:1)
  5 kobolds (D:1)
  A rat (D:1)
10 creatures vanquished.

Notes
Turn   | Place    | Note
-------+----------+-------------------------------------------
     0 | D:1      | Reached skill level 10 in Evocations
     0 | D:1      | themarg the Gnoll Wanderer began the quest for the Orb.
     0 | D:1      | themarg set off with the following items: a +0 dagger, a
                  | scroll of fog, a potion of lignification, a +0 robe, a wand
                  | of quicksilver (2); and the following spell memorised:
                  | Sting; and the following spells available to memorise:
                  | Mephitic Cloud.
     0 | D:1      | Reached XP level 1. HP: 17/17 MP: 6/6
   429 | D:1      | Reached XP level 2. HP: 15/23 MP: 7/7
   899 | D:1      | HP: 1/23 [jackal (2)]
   899 | D:1      | Slain by a jackal

Illustrated notes

Levels and vault maps discovered:
D:1:      dpeg_arrival_another_circle, layout_loops_ring

Skill      XL: |  1 |
---------------+----+-----
Evocations     | | 10.4
Poison Magic   | 2 |  2.0
Fighting       | |  2.4
Short Blades   | |  0.3
Long Blades    | |  0.3
Axes           | |  0.3
Maces & Flails | |  0.3
Polearms       | |  0.3
Staves         | |  0.3
Ranged Weapons | |  0.3
Throwing       | |  2.4
Armour         | |  0.3
Dodging        | |  0.3
Stealth        | |  0.3
Shields        | |  0.3
Unarmed Combat | |  0.3
Spellcasting   | |  4.9
Conjurations   | |  0.2
Hexes          | |  0.2
Summonings     | |  0.2
Necromancy     | |  0.2
Translocations | |  0.2
Transmutations | |  0.2
Fire Magic     | |  0.2
Ice Magic      | |  0.2
Air Magic      | |  0.2
Earth Magic    | |  0.2
Invocations    | |  0.4

Action                   || total
-------------------------++-------
Melee: Dagger            ||    56
       Bite              ||     8
       Punch             ||     2
 Cast: Sting             ||     1
Armor: Robe              ||    16
Dodge: Dodged            ||    49
